 Dungeon Crawl Stone Soup version 0.29.0-13-gc9e81de378 (webtiles) character file.

Game seed: 17509957122359867951

148 Descartes the Shield-Bearer (level 5, -2/41 HPs)
             Began as a Formicid Fighter on Sept 7, 2022.
             Slain by Natasha (7 damage)
             ... on level 2 of the Dungeon.
             The game lasted 00:03:10 (2352 turns).

Descartes the Shield-Bearer (Formicid Fighter)      Turns: 2352, Time: 00:03:10

Health: -2/41      AC:  7    Str: 23    XL:     5   Next: 56%
Magic:  5/5        EV:  9    Int:  7    God:
Gold:   134        SH:  5    Dex: 13    Spells: 4/4 levels left

rFire   . . .      SeeInvis +   a - +0 war axe
rCold   . . .      Faith    .   c - +0 buckler
rNeg    . . .      Spirit   .   b - +0 scale mail
rPois   .          Reflect  .   (helmet unavailable)
rElec   .          Harm     .   (no cloak)
rCorr   .          Rampage  .   (no gloves)
Will    .....                   (no boots)
Stlth   ..........              (no amulet)
HPRegen 0.13/turn               (no ring)
MPRegen 0.09/turn               (no ring)

@: no status effects
A: permanent stasis, dig shafts and tunnels, antennae 3, four strong arms
a: Dig, Shaft Self


You were on level 2 of the Dungeon.
You visited 1 branch of the dungeon, and saw 2 of its levels.

You collected 134 gold pieces.

Inventory:

Hand Weapons
 a - a +0 war axe (weapon)
Missiles
 k - 7 poisoned darts
 l - 4 javelins
Armour
 b - a +0 scale mail (worn)
 c - a +0 buckler (worn)
Wands
 p - a wand of flame (8)
Scrolls
 e - 2 scrolls of enchant armour {unknown}
 g - a scroll of identify {unknown}
 j - a scroll of fog {unknown}
 m - a scroll of teleportation {unknown}
 n - a scroll of amnesia {unknown}
Potions
 d - a potion of might
 f - 5 potions of curing {unknown}
 h - a potion of brilliance {unknown}
 i - a potion of mutation {unknown}
 o - a potion of attraction {unknown}


   Skills:
 - Level 3.2 Fighting
 + Level 1.2 Long Blades
 + Level 2.8(3.4) Axes
 + Level 1.7(2.5) Maces & Flails
 + Level 1.9(2.6) Polearms
 + Level 4.0 Armour
 + Level 4.8 Shields


You had 4 spell levels left.
You didn't know any spells.
Your spell library contained the following spells:

 Spells                   Type           Power      Damage    Failure   Level
 Scorch                   Fire           0%         2d5       91%         2
 Flame Wave               Conj/Fire      0%         2d4       100%        4
 Summon Cactus Giant      Summ           0%         N/A       100%        6


Dungeon Overview and Level Annotations

Branches:
Dungeon (2/15)

Altars:

Shops:
D:1 (

Annotations:
D:2 Natasha


Innate Abilities, Weirdness & Mutations

You cannot be hasted, slowed, berserked, paralysed or teleported.
You can dig through walls and to a lower floor.
You have a pair of large antennae on your head. (SInv)
Your four strong arms can wield two-handed weapons with a shield.


Message History

Your stasis prevents you from being slowed.
Natasha growls.
You closely miss Natasha.
Natasha zaps a wand.
The roots erupt in riotous growth!
The grasping roots grab you!
Natasha is unaffected.
The grasping roots constrict you.
You barely miss Natasha. Natasha claws you but does no damage.
The grasping roots constrict you. Natasha claws you but does no damage.
The grasping roots constrict you!
You hit Natasha.
Natasha is moderately wounded.
Natasha casts a spell.
The grasping roots constrict you.
The grasping roots release their grip on you.
You hit Natasha.
Natasha is severely wounded.
Natasha zaps a wand.
The roots erupt in riotous growth!
The grasping roots grab you!
Natasha is unaffected.
The now-empty wand crumbles to dust.
The grasping roots constrict you.
You hit Natasha but do no damage.
Natasha is severely wounded.
Natasha claws you. The grasping roots constrict you.
* * * LOW HITPOINT WARNING * * *
You block Natasha's attack. The grasping roots constrict you!
* * * LOW HITPOINT WARNING * * *
The grasping roots release their grip on you.
You are too injured to fight recklessly!
You are too injured to fight recklessly!
You are too injured to fight recklessly!
You are too injured to fight recklessly!
You are too injured to fight recklessly!
You are too injured to fight recklessly!
You are too injured to fight recklessly!
You are too injured to fight recklessly!
You barely miss Natasha.
Natasha is severely wounded.
You hit the white imp but do no damage. The white imp barely misses you.
Natasha claws you!
You die...

##...............................
..........####................#.#
................#'#'######....#.#
..........####..#.#.######....#.#
.##..##.........#.#.#.#.........#
................)................
.##.#.#...#.##.††................
..........#.##.h5.............#..
.##.#.#.........@................
.# #.#...#.##....#.#.##.##......
... ........................# .##
...##....#.............. ..
#.......####.##...... .
.......... .##.....# .###.#.#..##
......... .....#... .......<.
#####.#... .....#..#


You could see Natasha and a white imp (summoned).

Vanquished Creatures
  Natasha (twice) (D:2)
  Terence (D:2)
  3 adders (D:2)
  A worm (D:2)
  A dart slug (D:2)
  4 endoplasms
  3 giant cockroaches (D:1)
  2 goblins
  4 hobgoblins (D:2)
  2 jackals (D:1)
  4 kobolds
  2 quokkas (D:1)
  A ball python (D:1)
  4 bats
  6 frilled lizards
  4 rats
44 creatures vanquished.

Notes
Turn   | Place    | Note
-------+----------+-------------------------------------------
     0 | D:1      | Descartes the Formicid Fighter began the quest for the Orb.
     0 | D:1      | Reached XP level 1. HP: 18/18 MP: 1/1
   114 | D:1      | Found Orphafut's Antique Weapon Shop.
   273 | D:1      | Reached XP level 2. HP: 22/24 MP: 2/2
   497 | D:1      | Reached XP level 3. HP: 29/29 MP: 3/3
   799 | D:2      | Reached skill level 1 in Maces & Flails
   840 | D:2      | Reached skill level 1 in Polearms
   848 | D:2      | Found a faded altar of an unknown god.
   933 | D:2      | Noticed Terence
   943 | D:2      | Killed Terence
   944 | D:2      | Reached XP level 4. HP: 15/35 MP: 4/4
  1154 | D:2      | Noticed Natasha
  1166 | D:2      | Killed Natasha
  1500 | D:2      | Reached skill level 1 in Long Blades
  1709 | D:2      | Reached XP level 5. HP: 39/41 MP: 5/5
  1836 | D:2      | Noticed Natasha
  1845 | D:2      | Killed Natasha
  2343 | D:2      | Noticed Natasha
  2352 | D:2      | Slain by Natasha

Illustrated notes

Levels and vault maps discovered:
D:1:      onia_arrival_pyramid, layout_loops_ring, serial_shops,
          nicolae_shop_statue_plus
D:2:      layout_basic, ebering_ecumenical_altar_petrified,
          nrook_mini_backslash, uniq_terence, uniq_natasha

Skill      XL: |  1  2  3  4  5 |
---------------+----------------+-----
Maces & Flails | 1 |  1.7
Polearms       | 1 |  1.9
Long Blades    | 1 |  1.2
Armour         | 4 |  4.0
Fighting       | |  3.2
Axes           | |  2.8
Shields        | |  4.8

Action                   |  1- 3 |  4- 6 || total
-------------------------+-------+-------++-------
Melee: War axe           |    83 |    79 ||   162
Armor: Scale mail        |    43 |    49 ||    92
Dodge: Dodged            |    34 |    49 ||    83
Block: Buckler           |    21 |    23 ||    44
